[Event "Charlotte IM-D May 2022"]
[Site "Charlotte"]
[Date "2022.05.07"]
[Round "6.1"]
[White "Rosenberg, Evan S"]
[Black "Woodward, Andy"]
[Result "0-1"]
[ECO "D70"]
[WhiteElo "2035"]
[BlackElo "2354"]
[Annotator "TA"]
[PlyCount "60"]
[EventDate "2022.05.04"]
[EventType "tourn"]
[EventCountry "USA"]
[SourceTitle "playchess.com"]
[Source "ChessBase"]
[SourceQuality "1"]
[TimeControl "5400+30"]

1. d4 Nf6 2. Nf3 d5 3. c4 g6 4. cxd5 Nxd5 5. e4 Nb6 6. Be3 Bg7 7. Nc3 O-O 8. Qd2 Bg4 9. h3 {[%emt 0:00:00] D70: Grünfeld: Unusual White 3rd moves (met by ...d5).} (9. h4 $14) 9... Bxf3 $11 10. gxf3 Nc6 11. O-O-O {[%emt 0:00:00] [#] The position is equal.} Qd6 $146 ({Predecessor:} 11... e6 12. e5 Ne7 13. Bg5 f6 14. exf6 Bxf6 15. Bh6 Rf7 16. Ne4 Bg7 17. Bxg7 Kxg7 {1-0 (25) Paprocki,J (2169)-Tabaczka,J (1750) Poland 2016}) 12. h4 Rfd8 13. Nb5 Qd7 14. h5 (14. d5 $11 Ne5 15. Qc2) 14... a6 $17 15. hxg6 hxg6 16. Bh6 {[%emt 0:00:00] [#] Threatens to win with Bxg7.} Bxd4 (16... axb5 $2 17. Bxg7 Nxd4 18. Bxd4 $18) (16... Bh8 $1 $17 17. Nc3 (17. Bh3 e6 $17) 17... Qxd4 18. Qxd4 Rxd4) 17. Bh3 $1 $15 {[%emt 0:00:00] A strong pair of Bishops.} e6 18. Nxd4 Qxd4 19. Qg5 $2 {[%emt 0:00:00][%mdl 8192] White does not recover from this.} (19. Qxd4 $15 Rxd4 20. Bg2) 19... Qc4+ $19 20. Kb1 Rxd1+ (20... Nd4 21. Qf6 Qc2+ 22. Ka1) 21. Rxd1 Nb4 22. Rd8+ Kh7 {[%emt 0:00:00] ( -> ...Rxd8)} 23. Bf8 Qxa2+ 24. Kc1 Qa1+ 25. Kd2 Rxd8+ 26. Qxd8 Qxb2+ 27. Ke3 Qc1+ 28. Ke2 Qc2+ (28... Qc4+ $142 29. Ke3 {[#]} N6d5+ $1 30. exd5 Nxd5+ 31. Kd2 Qc3+ 32. Kd1 Qxf3+ 33. Ke1 Qc3+ 34. Kd1 Qxh3) 29. Ke3 $2 {[%emt 0:00:00] [#]} (29. Qd2 a5 30. Qxc2 Nxc2 31. Kd3 Nb4+ 32. Kc3) 29... N6d5+ $1 30. exd5 Nxd5+ {[%emt 0:00:00] Weighted Error Value: White=1.17/Black=0.91} 0-1

[Event "Charlotte IM-D May 2022"]
[Site "Charlotte"]
[Date "2022.05.07"]
[Round "6.2"]
[White "Marek, Matyas"]
[Black "Nakada, Akira"]
[Result "1/2-1/2"]
[WhiteElo "2363"]
[BlackElo "2324"]
[Annotator "TA"]
[PlyCount "39"]
[EventDate "2022.05.04"]
[EventType "tourn"]
[EventCountry "USA"]
[SourceTitle "playchess.com"]
[Source "ChessBase"]
[SourceQuality "1"]
[TimeControl "5400+30"]

1. Nf3 Nf6 2. g3 d5 3. Bg2 e6 4. O-O c5 5. d3 Nc6 6. Nbd2 Be7 7. e4 O-O {[%emt 0:00:14] [#]} {Predecessor:} 8. Re1 $146 {C00: French: Unusual White 2nd moves.} b5 9. a4 b4 10. exd5 Nxd5 11. Nc4 Bb7 12. h4 h6 13. Nfe5 Nxe5 14. Nxe5 Qc7 15. Bd2 Bf6 16. Qe2 Ne7 17. Bxb7 Qxb7 18. Qe4 Qxe4 19. Rxe4 Rfd8 20. Be3 {½-½ (20) Artemiev,V (2700)-Matlakov,M (2674) Kazan 2022} 1/2-1/2

[Event "Charlotte IM-D May 2022"]
[Site "Charlotte"]
[Date "2022.05.07"]
[Round "6.3"]
[White "Rodriguez Rivera, Pedro"]
[Black "Matros, Alexander"]
[Result "1/2-1/2"]
[ECO "D05"]
[WhiteElo "2197"]
[BlackElo "2339"]
[Annotator "TA"]
[PlyCount "33"]
[EventDate "2022.05.04"]
[EventType "tourn"]
[EventCountry "USA"]
[SourceTitle "playchess.com"]
[Source "ChessBase"]
[SourceQuality "1"]
[TimeControl "5400+30"]

1. d4 Nf6 2. Nf3 d5 3. e3 c5 4. c3 e6 5. Bd3 Nc6 6. Nbd2 Bd6 7. O-O O-O 8. Re1 {[%emt 0:00:17] The position is equal.} Qc7 {[%emt 0:02:58] D05: Colle System with ...e6.} 9. dxc5 Bxc5 10. e4 h6 {[%emt 1:27:17] [#] An even fight not without its subleties.} {Predecessor:} 11. b4 $146 Bd6 12. Bb2 Ne5 13. Nxe5 Bxe5 14. g3 dxe4 15. Nxe4 Nxe4 16. Bxe4 Bf6 17. Qf3 {0-1 (34) Molina,R (2401)-Griffith,K (2341) Chess.com INT 2022} 1/2-1/2

[Event "Charlotte IM-D May 2022"]
[Site "Charlotte"]
[Date "2022.05.07"]
[Round "6.4"]
[White "Wang, Eigen"]
[Black "Zaloznyy, Mike"]
[Result "1-0"]
[ECO "A50"]
[WhiteElo "2269"]
[BlackElo "2125"]
[Annotator "TA"]
[PlyCount "71"]
[EventDate "2022.05.04"]
[EventType "tourn"]
[EventCountry "USA"]
[SourceTitle "playchess.com"]
[Source "ChessBase"]
[SourceQuality "1"]
[TimeControl "5400+30"]

1. d4 Nf6 2. c4 b6 3. Nc3 Bb7 4. Qc2 d5 5. Nf3 e6 6. Bg5 Be7 7. cxd5 Nxd5 8. Bxe7 {[%emt 0:00:22] A50: Queen's Fianchetto Defence (1 d4 Nf6 2 c4 b6).} Qxe7 9. Nxd5 Bxd5 10. e4 {[%emt 0:01:22] The position is equal.} Qb4+ {[%emt 0:04:49] [#]} 11. Qd2 $146 ({Predecessor:} 11. Nd2 Bc6 12. Bc4 O-O 13. a3 Qd6 14. Nf3 Qf4 15. Nd2 Rd8 16. Qd3 Nd7 17. Qe3 Qxe3+ 18. fxe3 {1-0 (42) Dias,A (2241)-Cardoso Pimenta,C (2037) Curitiba 2013}) 11... Qxd2+ 12. Nxd2 Bc6 13. Rc1 Ke7 $1 14. Ke2 Rc8 15. Ke3 $36 {[%emt 0:06:43][%mdl 2048] White is pushing.} Bb7 16. Nb3 a5 17. Bb5 a4 18. Nd2 c6 19. Be2 Nd7 20. Rhd1 e5 $2 {[%emt 0:01:53] [#] Black cannot hold the game after this.} (20... c5 $11 {and Black has nothing to worry.}) 21. dxe5 $1 $18 Nxe5 22. f4 Nd7 23. Nc4 {[%emt 0:00:00] Black must now prevent Bg4.} c5 $2 (23... Rc7 {was worth a try.} 24. Rxd7+ Rxd7) 24. Bg4 {[%emt 0:00:00] White is clearly winning.} Nf6 25. Bxc8 Rxc8 26. Nxb6 Rb8 27. Rxc5 Bxe4 (27... Ng4+ $142 28. Ke2 Ba6+ 29. Nc4 Rb4 30. Rc7+ Ke8) 28. Nc8+ Rxc8 29. Rxc8 Bxg2 30. Rc7+ Ke6 31. f5+ Kxf5 32. Rxf7 Kg6 33. Ra7 Bc6 34. Rg1+ Kf5 35. Rgxg7 {[%emt 0:00:00] [#] Strongly threatening Ra5+.} Nd5+ 36. Kd4 {[%emt 0:00:00] Weighted Error Value: White=0.04 (flawless) /Black=0.45} 1-0

[Event "Charlotte IM-D May 2022"]
[Site "Charlotte"]
[Date "2022.05.07"]
[Round "6.5"]
[White "Chen, Ryo"]
[Black "Kanli, Alperen"]
[Result "1-0"]
[ECO "B19"]
[WhiteElo "2265"]
[BlackElo "2173"]
[Annotator "TA"]
[PlyCount "65"]
[EventDate "2022.05.04"]
[EventType "tourn"]
[EventCountry "USA"]
[SourceTitle "playchess.com"]
[Source "ChessBase"]
[SourceQuality "1"]
[TimeControl "5400+30"]

1. e4 c6 2. d4 d5 3. Nd2 dxe4 4. Nxe4 Bf5 5. Ng3 Bg6 6. h4 h6 7. Nf3 Nd7 8. h5 Bh7 9. Bd3 Bxd3 10. Qxd3 e6 11. Bd2 Ngf6 12. O-O-O Bd6 13. Ne4 Nxe4 14. Qxe4 Nf6 15. Qe2 Qc7 16. Ne5 {[%emt 0:06:08] 16.Kb1 is setting a new trend.} O-O-O 17. Rh4 {[%emt 0:07:10] B19: Classical Caro-Kann: 4...Bf5 main line.} Nd5 {[%emt 0:00:00] [#]} 18. a3 $146 ({Predecessor:} 18. c4 Bxe5 19. dxe5 Nb6 20. Rg4 Rhg8 21. Kc2 c5 22. Bc1 Rxd1 23. Kxd1 Qd8+ 24. Kc2 {0-1 (48) Koval,J (2070)-Tomcikova,Z (1746) Slovakia 2017}) 18... c5 19. Kb1 {[%emt 0:11:44] White is slightly better.} (19. Rg4 $5 ) 19... Kb8 ({Don't do} 19... cxd4 20. Rxd4 $1 Kb8 21. Rc4 $1 $16) 20. c4 Bxe5 ({Much less strong is} 20... cxd4 21. cxd5 Bxe5 22. Rc1 $16) 21. dxe5 (21. Qxe5 $5 cxd4 22. Qxc7+ Nxc7 23. Bf4 $11) 21... Ne7 22. Bc3 Rxd1+ 23. Qxd1 Rd8 24. Qf3 Nf5 25. Rf4 Rd7 26. Ka2 a5 27. Qe2 {[%emt 0:08:47][%cal Of4f5] And now Rxf5! would win.} Nd4 28. Qe3 Nf5 {[%emt 0:00:00][%mdl 8192] [#]} (28... Nc2 $11 {and Black has nothing to worry.} 29. Qc1 (29. Qg3 $2 a4 $19) 29... Nd4) 29. Rxf5 $1 $18 {[%emt 0:01:27][%mdl 512] White is clearly winning.} exf5 {[%emt 0:00:00] [#]} (29... a4 30. Rf3) 30. e6 $1 {[%emt 0:00:08][%mdl 64] Discovered Attack} f4 31. Qe4 Rd4 32. Bxd4 f5 33. Qe2 {[%emt 0:00:19] Weighted Error Value: White=0.07 (flawless) /Black=0.64} 1-0

[Event "Charlotte IM-D May 2022"]
[Site "Charlotte"]
[Date "2022.05.08"]
[Round "7.1"]
[White "Kanli, Alperen"]
[Black "Rosenberg, Evan S"]
[Result "1-0"]
[ECO "E20"]
[WhiteElo "2173"]
[BlackElo "2035"]
[Annotator "TA"]
[PlyCount "91"]
[EventDate "2022.05.04"]
[EventType "tourn"]
[EventCountry "USA"]
[SourceTitle "playchess.com"]
[Source "ChessBase"]
[SourceQuality "1"]
[TimeControl "5400+30"]

1. d4 Nf6 2. c4 e6 3. Nc3 Bb4 4. f3 d5 5. a3 Bxc3+ 6. bxc3 c6 7. cxd5 {[%emt 0:00:43] E20: Nimzo-Indian: 4 g3 and 4 f3.} cxd5 (7... Nxd5 8. Qc2 $14) 8. e3 O-O 9. Bd3 {[%emt 0:00:39] The position is equal.} b6 10. Ne2 Ba6 11. O-O Bxd3 12. Qxd3 Nbd7 {[%emt 0:02:30] [#]} 13. c4 $146 ({Predecessor:} 13. e4 dxe4 14. fxe4 Nc5 15. Qh3 Ncxe4 16. Bf4 Nd7 17. Qd3 Nef6 18. Bg5 Qc7 19. Ng3 {0-1 (30) David,A (2428)-Praggnanandhaa,R (2608) Chess.com INT 2020}) 13... dxc4 14. Qxc4 e5 15. Bb2 b5 (15... Rc8 $14 16. Qb5 e4) 16. Qb3 $16 {[%emt 0:01:30] White is more active.} (16. Qxb5 $2 Rb8 17. Qd3 Rxb2 $19) 16... e4 17. Ng3 (17. Qxb5 $2 Rb8 18. Qg5 Rxb2 $19) 17... exf3 18. gxf3 (18. Rxf3 $142 Nb6 19. Rd1 (19. Qxb5 Re8 $16)) 18... Nb6 19. Qxb5 Nfd5 {[%emt 0:00:00] [#]} 20. e4 Ne3 {[%emt 0:00:00] [#]} 21. Rfc1 {[%emt 0:00:00] Against Nbc4} (21. Rf2 $1 $16) 21... Rb8 (21... Nbc4 $1 $11 22. Bc3 (22. Rxc4 $2 Rb8 $19) 22... Qf6) 22. Bc3 (22. Qe2 $16 Nbc4 23. Bc3) 22... Nbc4 $11 {[%emt 0:00:00] Pair of Knights!} 23. Qh5 Rb6 24. Nf5 {[%emt 0:00:00] Prevents Rh6.} (24. f4 $11 {keeps the balance.}) 24... Rg6+ $17 25. Kh1 Nxf5 ({Black should play} 25... Rg5 $17 26. Qh3 Nxf5 27. exf5 (27. f4 Rg6 $11) 27... Qd5) 26. Qxf5 $14 Ne3 27. Qh3 $36 {[%emt 0:00:00][%mdl 2048] White is more active.} (27. Qf4 $5 Ng2 28. Qf5 $16 (28. Qd2 Nh4 $14)) 27... f5 $1 {[%emt 0:00:00] And now ...fxe4 would win.} 28. Rg1 Qc7 29. Bb4 Rff6 (29... Re8 $14 {was preferrable.}) 30. d5 $16 {[%emt 0:00:00][%cal Bd4d5,Bd5d6][%mdl 32] aiming for d6. Chess con chili.} fxe4 $2 {[%emt 0:00:00][%mdl 8192] This costs Black the game.} (30... a5 $16 31. Bd2 Rh6) 31. d6 $18 Qd8 (31... Rxg1+ $2 32. Rxg1 Rxd6 33. fxe4 $18) (31... Rxd6 $142 32. Bxd6 (32. fxe4 Rd3 $11) 32... Qxd6 33. Qc8+ Kf7 34. Qb7+ Kf6 35. Qxa7 Qf4 36. Qd4+ Kf7 37. Qd7+ Kf8 38. Qc8+ Kf7 39. Qb7+ Kg8 40. Qc8+ Kf7 41. Qb7+ Kg8 42. Qxe4 Qxe4 43. fxe4 Ra6) 32. fxe4 Nc4 33. Qb3 Qc8 34. Rxg6 hxg6 35. d7 Qxd7 36. Qxc4+ Kh7 37. Rf1 {[%emt 0:00:00] Prevents Rf3.} Rc6 38. Qf7 Qg4 39. Qf4 Qh3 {[%emt 0:00:35] Strongly threatening ...Rf6.} 40. Qf3 Qh4 41. Be1 Qh6 42. Qf4 g5 43. Qf5+ Kh8 44. e5 Rc4 45. e6 {[%emt 0:00:00] Threatening mate with Rf3.} Rc1 46. Qe4 {[%emt 0:00:00] Weighted Error Value: White=0.30/Black=0.39} 1-0

[Event "Charlotte IM-D May 2022"]
[Site "Charlotte"]
[Date "2022.05.08"]
[Round "7.2"]
[White "Zaloznyy, Mike"]
[Black "Chen, Ryo"]
[Result "1/2-1/2"]
[ECO "D00"]
[WhiteElo "2125"]
[BlackElo "2265"]
[Annotator "TA"]
[PlyCount "160"]
[EventDate "2022.05.04"]
[EventType "tourn"]
[EventCountry "USA"]
[SourceTitle "playchess.com"]
[Source "ChessBase"]
[SourceQuality "1"]
[TimeControl "5400+30"]

1. d4 Nf6 2. Nf3 g6 3. Nc3 d5 4. Bf4 Bg7 5. Nb5 Na6 6. e3 {[%emt 0:00:19] D00: 1 d4 d5: Unusual lines.} c6 7. Nc3 O-O 8. Bxa6 {[%emt 0:00:09] White is slightly better.} bxa6 9. Ne5 {[%emt 0:00:06] [#]} c5 $146 ({Predecessor:} 9... Bb7 10. Na4 Nh5 11. Nc5 Qc8 12. g4 Nxf4 13. exf4 f6 14. Ned3 a5 15. h4 Re8 {1-0 (69) Gelman,A (2403)-Alinasab,M (2325) Chess.com INT 2022}) 10. dxc5 Qa5 (10... Bf5 $14) 11. Qd4 $16 {[%emt 0:01:04] aiming for Nc6.} Nh5 {[%emt 0:16:55] [#]} 12. b4 (12. Qxd5 Be6 13. Qd4 Rac8 $15) (12. Bh6 $1 $18 ) 12... Qd8 $14 13. O-O (13. Nxd5 e6 14. Bh6 Qxd5 15. Bxg7 Qxd4 16. exd4 Kxg7 $17) (13. Qxd5 Be6 14. Qe4 Bf5 $11) 13... e6 (13... f6 $11) 14. g4 {[%emt 0:04:22] [#]} ({White should try} 14. Rad1 $16) 14... f6 $1 15. Nc6 $36 {[%emt 0:00:13][%mdl 2048] White is in control.} (15. gxh5 $2 fxe5 16. Qd3 exf4 $19) 15... Qe8 {[%emt 0:07:00] [#]} 16. Bd6 {[%emt 0:11:16] Hoping for Ne7+. White is much more active.} Qxc6 (16... Rf7 17. Na5) 17. Bxf8 (17. gxh5 Rf7 $16) 17... Kxf8 18. gxh5 f5 19. Qd3 Bb7 {[%emt 0:07:51] [#]} 20. f3 $1 a5 {[%emt 0:01:09] [#]} 21. a3 (21. bxa5 Ba6 22. Qd2 Qxc5 $15) 21... Bf6 22. hxg6 hxg6 23. Rab1 axb4 24. axb4 a5 25. bxa5 {[%emt 0:00:08] And now Rb6 would win.} Ba6 26. Nb5 {[%emt 0:01:26] c4 is the strong threat.} Qxc5 27. Rfd1 f4 (27... Be7 $142 28. Qd4 Kf7 29. Qxc5 Bxc5) 28. Nd4 $2 Bxd3 $11 {[%emt 0:01:33] The position is equal.} 29. Nxe6+ Kg8 $1 30. Nxc5 Bxc2 {[%emt 0:00:28] A strong pair of Bishops.} 31. Nd7 Bg7 32. exf4 Bxb1 33. Rxb1 Rxa5 {[%emt 0:00:35][%mdl 4096] Endgame KRB-KRN} 34. Ne5 g5 35. Nc6 Rc5 36. Ne7+ Kf8 37. Nf5 {[%emt 0:01:05] Inhibits Bd4+.} Bf6 38. Rb6 Kf7 39. Nh6+ Kg7 {[%emt 0:00:43] Threatens to win with ...Bd4+.} 40. Nf5+ Kf7 41. fxg5 Bxg5 42. h4 Bf4 43. Kg2 Rc4 44. h5 d4 45. h6 d3 46. h7 {[%emt 0:02:29] Strongly threatening Rb7+.} Rc8 47. Nd6+ Bxd6 48. Rxd6 {[%emt 0:00:04] KR-KR} Kg7 49. Rd7+ Kh8 50. Kf2 d2 51. Ke3 Rc3+ 52. Ke2 d1=Q+ 53. Rxd1 {[%emt 0:00:04] Black must now prevent Rh1.} Kxh7 54. Rg1 Ra3 55. Rg4 Kh6 56. Kf2 Ra1 57. Kg2 Ra2+ 58. Kg3 Ra1 59. Rb4 Kg5 60. Rb5+ Kg6 61. Kg4 Ra4+ 62. f4 Ra6 63. Rg5+ Kf6 64. Rh5 {[%emt 0:00:23] White wants to mate with Rh6+.} Ra1 65. Rh6+ Kg7 66. Rb6 Ra5 67. Re6 Rb5 68. f5 Rb1 69. Kg5 Rg1+ 70. Kf4 Rf1+ 71. Ke5 Re1+ 72. Kd6 Rf1 73. Rg6+ Kf7 74. Ke5 Re1+ 75. Kf4 Rf1+ 76. Kg5 Rg1+ 77. Kh6 Rh1+ 78. Kg5 Rg1+ 79. Kf4 Rxg6 80. fxg6+ Kxg6 {[%emt 0:00:08] White really could win this.  Weighted Error Value: White=0.19 (very precise) /Black=0.10 (very precise)} 1/2-1/2

[Event "Charlotte IM-D May 2022"]
[Site "Charlotte"]
[Date "2022.05.08"]
[Round "7.3"]
[White "Matros, Alexander"]
[Black "Wang, Eigen"]
[Result "1/2-1/2"]
[ECO "E51"]
[WhiteElo "2339"]
[BlackElo "2269"]
[Annotator "TA"]
[PlyCount "66"]
[EventDate "2022.05.04"]
[EventType "tourn"]
[EventCountry "USA"]
[SourceTitle "playchess.com"]
[Source "ChessBase"]
[SourceQuality "1"]
[TimeControl "5400+30"]

1. d4 Nf6 2. c4 e6 3. Nc3 Bb4 4. Bd2 O-O 5. e3 d5 6. Nf3 a6 {[%emt 0:09:33] E51: Nimzo-Indian: Rubinstein: 4...0-0 5 Nf3 d5.} 7. Rc1 Nc6 ({Better is} 7... b6 $11) 8. a3 $14 Bd6 {[%emt 0:05:47] White is slightly better.} 9. c5 Be7 10. Bd3 Re8 {[%emt 0:12:02][%cal Oe6e5] [#]} 11. Qc2 $146 ({Predecessor:} 11. b4 e5 12. Nxe5 Nxe5 13. dxe5 Ng4 14. O-O d4 15. Ne4 Nxe5 16. Bb1 dxe3 17. Bxe3 Qxd1 18. Rfxd1 {1-0 (33) Hort,V-Novak,E Havirov 1970}) 11... h6 12. b4 e5 (12... Bf8 $14) 13. Nxe5 $16 {[%emt 0:12:32] White is more active.} Nxe5 14. dxe5 Ng4 15. O-O (15. f4 $16) 15... Nxe5 $11 16. Ne2 Bf6 17. Bc3 c6 18. Bd4 Bg4 19. f3 Bd7 20. Nc3 h5 21. Kh1 h4 22. h3 Nxd3 23. Qxd3 Bxd4 24. Qxd4 Qg5 25. e4 Rad8 26. f4 Qh5 27. exd5 cxd5 28. Rce1 ({Not} 28. Qxd5 $2 Qxd5 29. Nxd5 Bc6 $19) ({Don't go for} 28. Nxd5 $2 Be6 29. Nf6+ (29. Ne7+ $2 Kf8 $19) 29... gxf6 30. Qxf6 Rd2 $19) 28... Bb5 {[%emt 0:04:30][%cal Bd7b5,Bb5c4,Bc4b3][%mdl 32] The position is equal.} (28... Rxe1 {seems wilder.} 29. Rxe1 Bxh3 30. Re5 Bxg2+ 31. Kxg2 Qg4+) 29. Rxe8+ Rxe8 30. Rd1 Bc4 31. Qd2 ({Don't blunder} 31. Nxd5 $2 Bxd5 32. Kh2 Bc6 $19) 31... Qf5 32. Kg1 Bb3 33. Rf1 Bc4 {[%emt 0:00:39] Weighted Error Value: White=0.09 (flawless) /Black=0.11 (very precise)} 1/2-1/2

[Event "Charlotte IM-D May 2022"]
[Site "Charlotte"]
[Date "2022.05.08"]
[Round "7.4"]
[White "Nakada, Akira"]
[Black "Rodriguez Rivera, Pedro"]
[Result "0-1"]
[ECO "A57"]
[WhiteElo "2324"]
[BlackElo "2197"]
[Annotator "TA"]
[PlyCount "142"]
[EventDate "2022.05.04"]
[EventType "tourn"]
[EventCountry "USA"]
[SourceTitle "playchess.com"]
[Source "ChessBase"]
[SourceQuality "1"]
[TimeControl "5400+30"]

1. c4 g6 2. d4 d6 3. Nc3 Bg7 4. e4 Nd7 5. Nf3 c5 6. d5 Ngf6 7. Be2 b5 8. cxb5 a6 9. O-O O-O (9... axb5 $142 10. Bxb5 Ba6) 10. Qc2 $16 {[%emt 0:03:47] A57: Benko/Volga Gambit.} axb5 11. Nxb5 Ba6 12. a4 {[%emt 0:00:46] White is better.} Qb6 13. Nd2 Rfb8 14. Nc4 Qd8 {[%emt 0:00:02] [#]} 15. Nca3 $146 (15. Bd2 $142) ({Predecessor:} 15. Nba3 Nb6 16. Bd2 Nfd7 17. Bc3 Bxc3 18. bxc3 Nxc4 19. Bxc4 Nb6 20. Bb5 Bxb5 21. Nxb5 Nxa4 {½-½ (27) Johansson,J (2066)-Nyback,T (2141) Lappeenranta 2000}) 15... Nb6 16. a5 Nc8 17. Bd2 Qd7 18. Nc3 Rb4 (18... Bxe2 $14 19. Nxe2 e6) 19. Rfe1 (19. Bxa6 $16 Rxa6 20. Rfb1) 19... Qb7 (19... Bxe2 $14 20. Rxe2 Rxa5) 20. Bxa6 Qxa6 21. Na2 (21. Na4 $142) 21... Rxe4 22. Rxe4 Nxe4 23. Qxe4 Bxb2 24. Rb1 (24. Nc2 $6 Bxa1 25. Nxa1 Nb6 $1 $15) 24... Bxa3 25. Rb3 $2 {[%emt 0:03:40] Prevents Bb4.} ({White should play} 25. Qc2 $16) 25... Bb4 $1 $15 26. Nxb4 Qxa5 {[%emt 0:03:46][%mdl 64] Pin} 27. h4 cxb4 28. Rxb4 (28. Rb1 $142) 28... Qa1+ (28... Nb6 $17 29. Qc2 Qa1+ 30. Rb1 Qd4) 29. Rb1 Qe5 30. Qd3 Ra1 $1 31. Rxa1 (31. Bh6 $17) 31... Qxa1+ $17 {[%emt 0:02:24][%mdl 4096] Endgame KQB-KQN} 32. Kh2 Qe5+ (32... Nb6 $19 {has better winning chances. ...Qe5+ is the strong threat.} 33. Bg5 Qe5+ 34. f4 Qxd5) 33. f4 (33. g3 $17 {keeps fighting.}) 33... Qf5 (33... Qh5 $1 $19 {and Black stays clearly on top.} 34. Qb5 Qxh4+ 35. Kg1 Qg4) 34. Qb5 {[%emt 0:02:02] Against Nb6} Kg7 35. Qe8 (35. Qc4 $142) 35... Qg4 (35... f6 $17 36. Be3 Qg4) 36. Bc3+ $15 f6 37. Kg1 Qf5 38. Kh1 Kh6 (38... h6 $1 $15) 39. Qg8 $11 Nb6 40. Qf8+ Kh5 41. Qxe7 {[%emt 0:00:08] White threatens g4+ and mate.} Nxd5 42. Qxh7+ (42. g4+ $1 $11 Kxh4 43. Qe1+ (43. gxf5 Nxe7 44. Bxf6+ Kg4 $11) 43... Kxg4 44. Qe2+ Kxf4 45. Bd2+ Ne3 46. Qxe3+ Kg4 47. Qg1+ Kh5 48. Qh2+ Kg4 49. Qg2+ (49. Qxd6 Qf1+ 50. Kh2 Qf2+ 51. Kh1 Qf3+ 52. Kg1 Qg3+ 53. Qxg3+ Kxg3 $19) 49... Kh5 50. Qh2+ Kg4 51. Qg2+ (51. Qxd6 Qf1+ 52. Kh2 Qe2+ 53. Kg1 g5 $15) 51... Kh5 52. Qh2+) 42... Kg4 $19 43. Qb7 Kxf4 (43... Nxc3 {leads to mate.} 44. Qf3+ Kxh4 45. g3+ Kh3 46. g4+ Kh4 47. gxf5) (43... Qe4 $1 $19 44. Ba5 Kxh4 45. Qh7+ Kg4 46. Qh3+ Kxf4 47. Qh2+ Kg5 48. Qxd6 Kg4) 44. Bd2+ $15 Kg4 {[%emt 0:10:26] Hoping for ...Qf1+.} 45. Qb3 Qe4 (45... Kxh4 $6 46. Qc4+ Kh5 47. g4+ Qxg4 48. Qxd5+ f5 49. Kh2 $11) ({Black should try} 45... Qf1+ $1 $17 46. Kh2 Nf4 47. Qg3+ Kf5) 46. Qh3+ $2 (46. h5 $1 $11 Nf4 47. Qf3+ Qxf3 48. gxf3+ Kxh5 49. Bxf4) 46... Kh5 $19 {[%emt 0:00:00] aiming for ...Nf4.} 47. Kh2 Qg4 ({Better is} 47... Nb6 $19 {Threatens to win with ...Nc4.} 48. Bc3 Nd5) 48. Qd3 $15 Nf4 ({But not} 48... Qxh4+ 49. Kg1 Nc7 50. Qxd6 $11) 49. Qb5+ $2 (49. Bxf4 $15 Qxf4+ 50. g3 Qf2+ 51. Kh1) 49... d5 $19 50. Bxf4 Qxf4+ {[%emt 0:00:00] KQ-KQ} 51. g3 Qf2+ 52. Kh3 Qf5+ (52... Qf3 $142 53. Kh2 Qf2+ 54. Kh3 Qf5+ 55. Kh2 Qc2+ 56. Kg1 Qe4) 53. Kg2 Qe4+ 54. Kh2 Kg4 55. Qf1 Qf3 $2 (55... Qc2+ $1 {mates} 56. Kh1 Qf5 57. Qxf5+ Kxf5 58. Kh2 Kg4 59. Kg1 Kxg3 60. Kf1 f5 61. Ke2 f4 62. Ke1 f3 63. Kf1 Kf4 64. h5 d4 65. hxg6 d3 66. Ke1 Ke3 67. Kd1 f2 68. Kc1 f1=Q+ 69. Kb2 d2 70. Kc2 Qc4+ 71. Kb2 d1=Q 72. g7 Qdc1#) 56. Qh3+ $11 Kh5 57. Qd7 {[%emt 0:00:01] Intending Qh7+ and mate.} Qf5 58. Qa4 (58. Qe7 $11) 58... Qf2+ $1 $19 59. Kh3 Qf1+ 60. Kh2 Qe2+ $2 (60... f5 $1 $19 {( -> ...Qf2+)} 61. Qe8 Qc4) 61. Kh3 $17 Qf3 62. Kh2 {[%emt 0:00:16] [#] Inhibits Qh1+.} f5 $1 63. Qd4 $2 {[%emt 0:00:39][%mdl 8192] Against Qf2+} (63. Qa1 $17) 63... Qe2+ $19 64. Kg1 {[%emt 0:00:04] [#]} Qe4 $1 65. Qd1+ Qg4 66. Qd3 d4 67. Qa3 Qd1+ {[%emt 0:00:41] Black mates.} 68. Kh2 Kg4 69. Qd6 Qe2+ 70. Kg1 Kh3 {[%emt 0:00:15][%cal Re2e1] Active counter play!} 71. Qc6 Qe1# {[%emt 0:00:10] Both players deserved the win here.  Weighted Error Value: White=1.07/Black=0.73} 0-1

[Event "Charlotte IM-D May 2022"]
[Site "Charlotte"]
[Date "2022.05.08"]
[Round "7.5"]
[White "Woodward, Andy"]
[Black "Marek, Matyas"]
[Result "1/2-1/2"]
[ECO "A32"]
[WhiteElo "2354"]
[BlackElo "2363"]
[Annotator "TA"]
[PlyCount "65"]
[EventDate "2022.05.04"]
[EventType "tourn"]
[EventCountry "USA"]
[SourceTitle "playchess.com"]
[Source "ChessBase"]
[SourceQuality "1"]
[TimeControl "5400+30"]

1. d4 Nf6 2. c4 e6 3. g3 c5 4. Nf3 cxd4 5. Nxd4 Nc6 6. Bg2 Qb6 7. Nb3 Bb4+ 8. Bd2 d5 {[%emt 0:01:51] A32: Symmetrical English: 2 Nf3 Nf6 3 d4 cxd4 4 Nxd4 e6.} 9. cxd5 exd5 10. O-O Bxd2 {[%emt 0:04:34] White is slightly better.} 11. Qxd2 O-O 12. e3 {[%emt 0:06:24] [#]} Bf5 $146 ({Predecessor:} 12... Rd8 13. Nc3 Bf5 14. Rad1 Rac8 15. Qe2 Ne5 16. h3 Be6 17. Nd4 Nc4 18. b3 Nd6 {1-0 (65) Tan,Z (2429)-Kovalevskaya,E (2421) Shenzhen 2011}) 13. Nc3 Rad8 14. Rfd1 Ne4 15. Qc1 Nb4 16. Nd4 Bg6 17. a3 Nc6 18. Nde2 (18. Nxc6 $16 bxc6 19. Nxe4 dxe4 20. Qc2) 18... Nxc3 $1 $11 19. Qxc3 Bh5 20. Re1 Bxe2 21. Rxe2 d4 22. exd4 Nxd4 23. Re4 Qd6 24. Rae1 b6 25. h4 Ne6 26. b4 Qd2 27. R4e3 Qd6 28. Kh2 Rc8 {[%emt 0:00:00] The position is equal.} 29. Qb2 Rc4 30. Re4 Rfc8 31. R1e2 {[%emt 0:02:03] Prevents Rc2.} Rxe4 32. Rxe4 Rd8 33. Rc4 {[%emt 0:02:09] Weighted Error Value: White=0.11 (very precise) /Black=0.04 (flawless)} 1/2-1/2